Map: Nightscape LE

Players

Massa - Winner!

  • Race: Terran Terran
  • League: Gold
  • Spawn Location: 7:00

qqq - Winner!

  • Race: Protoss Protoss
  • League: Platinum
  • Spawn Location: 7:00

QbertD

  • Race: Zerg Zerg
  • League: Diamond
  • Spawn Location: 1:00

Xam

  • Race: Zerg Zerg
  • Spawn Location: 1:00

VOD

Have the link to the VOD?

Description

Time

  • Played on: Aug. 11, 2020, 12:17 p.m.
  • Length: 19:31
Show
View Real Time Build Order
Export as new Build Order

Massa Terran - Winner!

Build Orders:  

Get SALT Encoding   

  12  0:01  SCV  
  13  0:13  SCV  
  14  0:25  SCV  
  15  0:28  Supply Depot  
  15  0:31  Refinery  
  15  0:50  SCV  
  15  0:52  Barracks  
  16  1:02  SCV  
  17  1:12  Barracks  
  17  1:14  SCV  
  18  1:26  SCV  
  19  1:41  Reaper, Supply Depot  
  19  1:44  Orbital Command  
  20  2:00  Reaper, Supply Depot  
  21  2:11  Supply Depot  
  21  2:13  Reaper  
  22  2:27  Barracks  
  22  2:30  SCV  
  23  2:42  SCV  
  23  3:17  Marine x2  
  25  3:30  Command Center  
  25  3:31  Factory  
  25  3:33  SCV  
  26  3:34  Marine x2  
  28  3:45  SCV  
  29  3:52  Marine x2  
  31  3:57  SCV  
  31  4:10  SCV, Marine x2  
  33  4:22  SCV  
  34  4:26  Factory Tech Lab  
  34  4:28  Marine x2  
  36  4:36  Bunker  
  36  4:42  Marine  
  36  4:45  Orbital Command  
  37  4:46  SCV, Marine x2  
  37  4:47  Siege Tank  
  43  4:58  SCV  
  44  5:00  Marine  
  44  5:03  Marine, Engineering Bay  
  44  5:04  Marine  
  44  5:06  Refinery  
  47  5:08  Armory  
  47  5:10  SCV  
  47  5:11  Engineering Bay  
  47  5:13  Starport  
  48  5:18  Marine  
  48  5:19  SCV  
  50  5:22  SCV  
  51  5:31  SCV  
  51  5:34  Barracks Tech Lab, SCV  
  53  5:43  SCV, Barracks Tech Lab  
  53  5:44  Siege Tank  
  53  5:46  SCV  
  58  5:55  SCV  
  59  5:58  Refinery  
  59  6:01  Marine x3  
  62  6:06  Combat Shield  
  62  6:21  Command Center  
  62  6:22  Refinery  
  62  6:26  Supply Depot x2  
  62  6:28  Supply Depot x2  
  62  6:30  Missile Turret x2, Supply Depot x2  
  62  6:35  Missile Turret  
  62  6:38  Missile Turret  
  62  6:48  Marine x2  
  62  6:49  Supply Depot  
  62  6:53  Stimpack  
  64  6:56  Supply Depot  
  64  6:57  Terran Infantry Weapons Level 1  
  64  6:58  Terran Infantry Armor Level 1  
  64  7:11  Medivac  
  64  7:15  Widow Mine  
  68  7:18  SCV x2  
  70  7:30  SCV x2, Concussive Shells  
  70  7:36  Widow Mine  
  74  7:42  SCV  
  75  7:54  Orbital Command  
  75  8:14  Siege Tank  
  78  8:21  Medivac  
  78  8:26  SCV  
  78  8:27  SCV  
  82  8:33  Orbital Command  
  82  8:38  SCV  
  82  8:39  SCV  
  84  8:50  SCV  
  84  8:51  SCV, Medivac  
  88  8:56  Missile Turret x2  
  89  9:02  SCV  
  89  9:03  SCV  
  90  9:14  SCV  
  91  9:18  Missile Turret  
  91  9:20  Marauder x2  
  95  9:31  Marine  
  96  9:37  Barracks  
  96  9:39  Missile Turret  
  96  9:41  Marauder x2  
  96  9:42  Command Center  
  100  9:48  Command Center  
  100  9:49  Marine  
  100  9:51  Siege Tank  
  104  9:55  SCV x3  
  107  10:03  Marauder x2  
  107  10:06  Marine  
  112  10:07  SCV x2  
  112  10:08  SCV  
  115  10:19  SCV  
  116  10:24  Marauder x2, Marine, Siege Tank  
  116  10:26  Barracks  
  124  10:30  Terran Infantry Armor Level 2, Terran Infantry Weapons Level 2  
  124  10:31  Barracks  
  124  10:32  Terran Vehicle And Ship Armor Level 1  
  124  10:38  Armory  
  124  10:42  Marine  
  125  10:45  Marauder, Marine  
  128  10:51  SCV x2  
  128  10:56  Refinery  
  130  10:57  Refinery  
  130  11:00  Marine  
  130  11:03  Marauder  
  133  11:05  Orbital Command  
  133  11:07  Marauder  
  135  11:18  Marine  
  136  11:21  Barracks Tech Lab x2  
  136  11:25  Barracks Tech Lab, Marauder  
  138  11:28  Marauder  
  140  11:34  Terran Vehicle Weapons Level 1  
  140  11:35  Marine  
  141  11:45  Planetary Fortress  
  141  11:46  Marauder  
  143  11:48  SCV x4  
  143  11:49  Marauder  
  143  11:53  Marine  
  150  11:56  Marauder x3  
  150  12:00  SCV x2  
  150  12:01  Thor  
  164  12:04  Factory  
  164  12:07  Marauder  
  166  12:10  Factory  
  166  12:11  Marauder, Marine  
  169  12:17  Marauder  
  169  12:18  Missile Turret  
  171  12:29  Supply Depot x2  
  171  12:30  Terran Vehicle And Ship Armor Level 2, Supply Depot  
  171  12:31  Supply Depot  
  171  12:38  Refinery  
  171  12:49  Factory Tech Lab  
  171  12:51  Marauder x5, Marine, Thor  
  187  12:54  Factory Tech Lab, Supply Depot  
  187  12:55  Supply Depot x2  
  187  12:56  Supply Depot  
  187  12:58  Terran Infantry Weapons Level 3, Terran Infantry Armor Level 3  
  188  13:07  Medivac  
  188  13:12  Orbital Command, Marauder x4  
  200  13:13  Marauder  
  200  13:16  Refinery  
  200  13:36  Terran Vehicle Weapons Level 2  
  193  14:30  Marauder  
  193  14:31  Marauder x4, Marine  
  130  14:40  Thor  
  130  14:41  Thor x2  
  130  14:44  Smart Servos  
  146  14:46  Terran Ship Weapons Level 1  
  146  14:49  Marine  
  146  14:52  Marauder x5  
  157  15:07  Marine  
  157  15:13  Marauder x3  
  157  15:14  Marauder x2  
  139  15:23  Thor x2  
  139  15:24  Thor  
  138  15:34  Marauder  
  138  15:35  Neosteel Armor  
  126  15:36  Hi-Sec Auto Tracking  
  126  15:39  Marauder x4  
  126  15:40  Marine  
  135  15:49  Command Center  
  135  15:56  Marauder  
  137  15:57  Marine  
  137  15:58  Terran Vehicle And Ship Armor Level 3  
  137  16:00  Marauder x2  
  137  16:01  Marauder x2  
  146  16:06  Thor x3  
  164  16:15  Marine  
  164  16:17  Marauder  
  167  16:22  Marauder x4  
  175  16:33  Marine  
  175  16:38  Marauder  
  178  16:43  Marauder, Marine x3  
  183  16:49  Thor  
  183  16:51  Marine  
  190  16:54  Medivac  
  190  16:59  Marine  
  190  17:00  Marine  
  190  17:01  Marauder, Marine  
  194  17:04  Marauder  
  193  17:09  Marine  
  193  17:14  Thor  
  193  17:15  Hellbat  
  194  17:18  Marauder  
  194  17:19  Marauder x2  
  200  17:24  Medivac  
  194  17:39  Marauder  
  194  17:40  Marauder  
  194  17:41  Marauder  
  187  17:54  Medivac  
  181  17:59  Marauder x2, Marine  
  181  18:00  Marauder  
  181  18:01  Marine x2  
  183  18:10  Thor x3  
  187  18:19  Marauder  
  190  18:20  Marauder x3  
  190  18:22  Marauder  
  190  18:24  Medivac  
  190  18:50  Marine  
  190  18:51  Marauder x2  
  189  18:56  Medivac  
  189  18:59  Marauder  
  188  19:08  Marauder  
  188  19:09  Marauder  
Show
View Real Time Build Order
Export as new Build Order

qqq Protoss - Winner!

Build Orders: Cannon Rush, Carriers 

Get SALT Encoding   

  12  0:00  Probe  
  14  0:14  Probe  
  14  0:18  Pylon  
  14  0:28  Pylon  
  14  0:32  Probe  
  15  0:47  Forge  
  15  0:57  Pylon  
  15  1:06  Probe  
  15  1:08  Pylon  
  16  1:18  Probe  
  17  1:20  Pylon  
  17  1:29  Photon Cannon  
  17  1:44  Photon Cannon  
  17  1:45  Pylon  
  17  1:56  Photon Cannon  
  17  2:02  Pylon  
  17  2:10  Pylon  
  17  2:21  Photon Cannon  
  17  2:30  Probe  
  18  2:42  Probe  
  18  2:54  Probe  
  19  3:01  Nexus  
  19  3:09  Gateway  
  19  3:27  Assimilator  
  19  3:28  Probe  
  19  3:33  Assimilator  
  20  3:40  Probe  
  21  3:46  Photon Cannon  
  21  3:48  Pylon  
  21  3:52  Probe  
  22  4:04  Probe, Cybernetics Core  
  23  4:13  Probe  
  23  4:16  Probe  
  25  4:25  Probe  
  25  4:28  Probe  
  27  4:37  Probe  
  28  4:40  Probe  
  29  4:48  Stargate  
  29  4:49  Probe  
  30  4:53  Probe  
  30  4:54  Stargate  
  31  5:01  Probe  
  31  5:05  Probe  
  33  5:07  Photon Cannon  
  33  5:12  Pylon  
  33  5:13  Probe  
  34  5:17  Probe  
  35  5:25  Probe  
  36  5:29  Probe  
  36  5:32  Protoss Air Weapons Level 1  
  37  5:37  Probe  
  37  5:38  Phoenix  
  37  5:40  Photon Cannon  
  37  5:41  Probe  
  41  5:45  Assimilator  
  41  5:48  Assimilator  
  42  5:50  Probe, Phoenix  
  42  5:53  Probe  
  45  6:02  Probe  
  46  6:19  Phoenix (Chrono Boost)  
  46  6:20  Nexus  
  46  6:23  Pylon  
  46  6:25  Pylon  
  48  6:28  Pylon  
  48  6:30  Probe  
  51  6:41  Phoenix (Chrono Boost)  
  51  6:42  Probe  
  51  6:43  Phoenix (Chrono Boost)  
  54  6:55  Probe  
  54  6:58  Photon Cannon  
  54  7:00  Photon Cannon  
  54  7:01  Phoenix  
  57  7:02  Photon Cannon  
  57  7:05  Shield Battery  
  57  7:11  Photon Cannon  
  57  7:13  Phoenix  
  59  7:26  Phoenix  
  61  7:33  Probe (Chrono Boost)  
  62  7:38  Phoenix, Pylon  
  62  7:43  Protoss Air Armor Level 1  
  65  7:46  Probe (Chrono Boost)  
  65  7:51  Probe (Chrono Boost), Phoenix  
  68  8:00  Probe  
  69  8:12  Probe  
  68  8:28  Phoenix x2  
  72  8:53  Phoenix  
  70  9:00  Phoenix  
  68  9:06  Stargate  
  68  9:08  Stargate  
  68  9:09  Pylon  
  64  9:12  Probe, Pylon  
  65  9:17  Photon Cannon  
  65  9:18  Phoenix  
  65  9:19  Photon Cannon  
  67  9:24  Probe  
  67  9:25  Phoenix  
  70  9:35  Twilight Council  
  70  9:36  Probe  
  70  9:37  Pylon  
  71  9:49  Probe  
  72  9:53  Phoenix x2  
  72  9:59  Fleet Beacon  
  76  10:00  Phoenix  
  76  10:01  Probe, Nexus  
  76  10:05  Photon Cannon  
  79  10:13  Probe  
  80  10:14  Nexus  
  80  10:16  Nexus  
  80  10:17  Phoenix  
  80  10:18  Phoenix  
  84  10:24  Assimilator  
  84  10:25  Probe  
  85  10:28  Assimilator  
  85  10:31  Photon Cannon  
  85  10:35  Phoenix x2  
  89  10:37  Probe  
  89  10:40  Pylon  
  89  10:42  Pylon  
  90  10:45  Pylon  
  90  10:46  Pylon  
  90  10:48  Pylon  
  90  10:49  Probe  
  91  10:50  Pylon  
  91  10:52  Pylon  
  91  11:01  Probe  
  91  11:03  Anion Pulse-Crystals  
  92  11:13  Probe  
  93  11:19  Photon Cannon  
  93  11:21  Photon Cannon  
  93  11:22  Protoss Air Weapons Level 2  
  93  11:24  Photon Cannon  
  93  11:25  Probe  
  93  11:26  Photon Cannon  
  93  11:28  Photon Cannon  
  93  11:31  Probe x2, Photon Cannon  
  96  11:33  Photon Cannon  
  96  11:37  Probe, Photon Cannon  
  97  11:41  Photon Cannon  
  97  11:45  Photon Cannon  
  97  11:48  Phoenix  
  97  11:50  Probe  
  97  11:52  Probe  
  97  11:53  Probe  
  103  11:54  Probe  
  103  12:02  Probe  
  103  12:05  Probe x2  
  103  12:06  Probe  
  103  12:08  Phoenix  
  109  12:11  Carrier  
  109  12:14  Probe  
  116  12:17  Probe  
  115  12:34  Carrier x2  
  115  12:35  Phoenix  
  123  13:00  Phoenix  
  123  13:15  Templar Archives, Phoenix  
  125  13:22  Gateway  
  125  13:24  Gateway  
  125  13:25  Phoenix  
  124  13:38  Phoenix  
  108  14:14  Tempest, Carrier x2  
  108  14:15  Carrier  
  131  14:21  Probe x3  
  134  14:29  Photon Cannon  
  134  14:32  Shield Battery  
  134  14:33  Probe x3, Pylon  
  134  14:35  Photon Cannon  
  137  14:40  Shield Battery  
  137  14:42  Assimilator  
  137  14:44  Photon Cannon  
  137  14:45  Probe x3  
  140  14:46  Assimilator  
  140  14:48  Photon Cannon  
  140  14:52  Pylon  
  140  14:55  Photon Cannon  
  140  14:56  Photon Cannon  
  140  14:57  Probe x3, Tempest  
  148  15:09  Probe x3  
  149  15:18  Phoenix x3, Assimilator  
  155  15:21  Probe x3  
  155  15:22  Assimilator  
  158  15:33  Probe x2  
  158  15:34  Probe x2  
  162  15:40  Shield Battery  
  162  15:41  Photon Cannon, Carrier  
  168  15:43  Carrier, Phoenix x2  
  168  15:44  Photon Cannon  
  168  15:45  Probe x2  
  168  15:46  Probe x2, Pylon x2, Protoss Air Weapons Level 3  
  168  15:47  Assimilator  
  168  15:49  Photon Cannon  
  165  15:51  Assimilator  
  165  15:57  Probe  
  165  15:58  Probe  
  157  16:08  Tempest  
  157  16:09  Carrier  
  157  16:10  Probe  
  158  16:22  Probe  
  153  16:45  Carrier  
  155  16:49  Carrier  
  153  16:55  Photon Cannon  
  153  16:57  Photon Cannon  
  153  16:58  Photon Cannon  
  153  17:01  Photon Cannon, Pylon  
  151  17:04  Pylon  
  151  17:06  Carrier  
  129  17:27  Pylon  
  126  17:31  Pylon  
  126  17:33  Pylon  
  126  17:35  Pylon  
  126  17:37  Pylon  
  126  17:40  Pylon  
  126  17:42  Pylon  
  126  17:45  Pylon  
  126  17:46  Pylon  
  126  18:07  Carrier x2  
  139  19:20  Nexus  
Show
View Real Time Build Order
Export as new Build Order

QbertD Zerg 

Build Orders: Hatch First 

Get SALT Encoding   

  12  0:03  Drone  
  13  0:08  Drone  
  14  0:16  Overlord  
  14  0:35  Drone x2  
  16  0:36  Drone  
  17  0:46  Drone  
  18  0:59  Hatchery  
  17  1:08  Drone  
  18  1:20  Spawning Pool  
  17  1:26  Drone x2  
  17  1:31  Drone  
  20  1:49  Drone  
  21  1:56  Drone  
  22  2:17  Zergling x4  
  24  2:25  Zergling x2  
  24  2:28  Spine Crawler  
  24  2:29  Spine Crawler  
  23  2:30  Spine Crawler  
  23  2:37  Zergling x2  
  23  2:42  Spine Crawler  
  22  2:47  Zergling x8  
  26  2:54  Spine Crawler  
  25  3:00  Drone x2  
  27  3:08  Spine Crawler  
  26  3:18  Extractor  
  27  3:24  Drone  
  28  3:29  Overlord  
  28  3:33  Overlord x2  
  28  3:41  Overlord  
  28  3:47  Queen  
  28  3:48  Extractor  
  29  4:09  Drone x4  
  34  4:10  Drone x2  
  35  4:24  Overlord  
  35  4:27  Overlord  
  35  4:35  Drone x2  
  37  4:43  Drone x2  
  39  4:53  Drone x2  
  36  5:16  Drone x3  
  36  5:17  Drone x3  
  42  5:25  Lair  
  43  5:28  Drone x2  
  43  5:29  Evolution Chamber  
  43  5:31  Evolution Chamber  
  42  5:37  Drone, Overlord  
  42  5:40  Extractor  
  42  5:41  Extractor  
  42  5:42  Spore Crawler  
  40  5:44  Spore Crawler  
  39  5:52  Metabolic Boost  
  39  6:01  Hatchery  
  39  6:03  Zerg Melee Weapons Level 1  
  38  6:08  Zerg Ground Armor Level 1  
  38  6:11  Drone  
  38  6:13  Drone  
  38  6:15  Drone  
  41  6:18  Drone x2  
  43  6:27  Drone x3  
  43  6:28  Drone  
  43  6:31  Drone  
  48  6:36  Drone  
  48  6:37  Zergling x2, Infestation Pit  
  49  6:44  Queen  
  51  6:52  Zergling x2  
  51  6:53  Zergling x6  
  55  6:55  Drone  
  56  7:02  Drone  
  56  7:05  Drone  
  58  7:16  Overlord  
  58  7:29  Drone x5  
  64  7:30  Drone x2  
  64  7:33  Hive  
  65  7:38  Zergling x6  
  68  7:45  Spore Crawler  
  67  7:51  Spore Crawler  
  67  7:52  Overlord  
  67  7:58  Overlord  
  66  8:03  Extractor, Hydralisk Den  
  66  8:04  Overlord  
  66  8:05  Extractor  
  61  8:20  Spore Crawler, Overlord  
  61  8:22  Spore Crawler  
  61  8:24  Spore Crawler  
  58  8:27  Zerg Melee Weapons Level 2  
  58  8:28  Zerg Ground Armor Level 2  
  58  8:30  Overlord  
  58  8:34  Hydralisk  
  58  8:35  Hydralisk x5  
  58  8:37  Drone x2  
  71  8:42  Spore Crawler  
  71  8:43  Spore Crawler  
  71  8:45  Drone  
  71  8:47  Drone x2  
  71  9:06  Ultralisk Cavern  
  71  9:08  Overlord  
  71  9:09  Overlord  
  70  9:10  Drone x2  
  70  9:11  Drone  
  70  9:12  Overlord  
  70  9:16  Grooved Spines, Overlord  
  73  9:20  Overlord  
  73  9:24  Overlord x2  
  73  9:29  Pneumatized Carapace  
  73  9:33  Overlord  
  73  9:34  Queen x2  
  73  9:37  Overlord  
  77  9:43  Overlord  
  77  9:46  Hatchery, Overseer  
  77  9:52  Overlord  
  76  9:57  Overlord  
  76  9:58  Zergling x4  
  76  9:59  Zergling x2, Overlord  
  79  10:02  Ultralisk  
  79  10:04  Chitinous Plating  
  85  10:08  Drone x2  
  87  10:16  Ultralisk  
  93  10:29  Overlord  
  93  10:30  Spore Crawler  
  93  10:34  Ultralisk  
  98  10:37  Viper  
  98  10:39  Drone x4  
  98  10:40  Drone  
  106  10:48  Overlord  
  106  10:49  Drone x3  
  109  10:55  Ultralisk  
  115  11:16  Ultralisk, Overlord  
  121  11:23  Anabolic Synthesis, Zergling x6  
  121  11:24  Zergling x12  
  130  11:27  Drone x3  
  133  11:37  Ultralisk  
  139  11:41  Drone x3  
  139  11:45  Extractor, Drone x4  
  139  11:47  Drone, Extractor  
  146  11:50  Drone x2  
  146  11:53  Hydralisk  
  149  11:58  Ultralisk  
  155  12:06  Overseer x3  
  156  12:08  Zergling x8  
  156  12:10  Drone  
  156  12:13  Drone  
  159  12:31  Hatchery  
  159  12:35  Zergling x4, Ultralisk  
  159  12:36  Zergling x2  
  167  12:38  Overlord  
  167  12:45  Spore Crawler  
  167  12:46  Spore Crawler, Overlord x2  
  167  12:47  Spore Crawler, Overlord x2  
  167  12:48  Spore Crawler  
  161  13:06  Ultralisk x3  
  161  13:07  Drone  
  161  13:08  Drone x4  
  161  13:09  Drone  
  185  13:16  Zerg Melee Weapons Level 3  
  185  13:21  Overlord  
  185  13:27  Overlord  
  185  13:28  Overlord  
  185  13:31  Overlord  
  185  13:40  Hydralisk x6  
  185  13:41  Hydralisk  
  196  14:08  Overlord x2  
  196  14:14  Overlord x2  
  196  14:18  Overlord  
  108  14:39  Ultralisk  
  108  14:40  Ultralisk x5  
  108  14:41  Zergling x14  
  108  14:42  Zergling x2, Overlord  
  144  14:54  Muscular Augments  
  144  14:56  Zergling x2, Ultralisk  
  144  14:57  Overlord  
  144  14:59  Zergling x4  
  153  15:05  Overseer x3  
  151  15:12  Zergling x6  
  143  15:17  Zergling x4  
  143  15:18  Zergling x10  
  138  15:31  Zergling x6  
  138  15:32  Zergling x4  
  138  15:33  Overlord  
  143  15:36  Hydralisk x2  
  138  16:03  Ultralisk x5  
  166  16:04  Overlord x2  
  166  16:06  Zergling x2, Overlord  
  166  16:07  Zergling x4  
  169  16:14  Zergling x2  
  169  16:15  Zergling x4  
  169  16:22  Overlord  
  163  16:33  Zergling x4  
  163  16:34  Zergling x12  
  163  16:35  Overlord  
  168  16:44  Ultralisk  
  168  16:45  Zergling x4  
  156  17:06  Hydralisk x4  
  156  17:07  Hydralisk x2  
  163  17:09  Zerg Missile Weapons Level 1  
  163  17:10  Overlord x4  
  163  17:11  Overlord  
  161  17:23  Overlord x2  
  161  17:25  Overlord x2  
  161  17:34  Overlord x2  
  161  17:35  Overlord  
  145  17:38  Overlord  
  145  17:43  Overlord  
  145  17:46  Overlord  
  139  18:01  Hydralisk x5  
  139  18:02  Hydralisk x2  
  139  18:04  Drone x2  
  141  18:07  Hydralisk  
  136  18:16  Hydralisk x2  
  121  18:22  Overlord x2  
  105  18:30  Overlord  
  105  18:31  Hydralisk  
  103  18:35  Overlord  
  103  18:39  Hydralisk  
  100  18:43  Overlord  
Show
View Real Time Build Order
Export as new Build Order

Xam Zerg 

Build Orders: Pool First, Muta Ling Bane 

Get SALT Encoding   

  12  0:01  Drone  
  13  0:10  Drone  
  14  0:16  Overlord  
  14  0:34  Drone  
  14  0:35  Drone x2  
  17  0:47  Spawning Pool  
  17  0:49  Drone  
  17  0:57  Drone  
  18  1:08  Extractor  
  17  1:16  Drone  
  18  1:28  Hatchery  
  17  1:34  Zergling x4  
  19  1:41  Queen  
  19  1:42  Zergling x2  
  23  2:01  Extractor  
  23  2:04  Hatchery  
  19  2:25  Drone x2  
  21  2:40  Metabolic Boost  
  21  2:47  Spine Crawler  
  20  3:00  Drone  
  21  3:06  Overlord x3  
  21  3:17  Drone  
  21  3:18  Drone x2  
  24  3:20  Drone, Queen  
  27  3:33  Zergling x2  
  28  3:38  Baneling Nest  
  27  3:46  Drone x2  
  28  3:52  Zergling x4  
  28  3:55  Drone  
  31  4:10  Zergling x2  
  32  4:17  Drone x2  
  32  4:20  Extractor, Spine Crawler  
  32  4:23  Zergling x4  
  34  4:34  Zergling x6  
  36  4:49  Drone x4  
  36  4:50  Drone x3  
  42  5:07  Drone x4  
  43  5:23  Zergling x8  
  43  5:27  Hatchery, Lair  
  46  5:36  Zergling x4  
  46  5:38  Zergling x2  
  49  5:50  Zergling x4  
  49  5:52  Overlord x2  
  51  6:02  Overlord x2  
  51  6:17  Zergling x12  
  51  6:18  Zergling x4  
  59  6:31  Spire  
  58  6:45  Baneling x7  
  58  6:46  Baneling x2  
  58  6:56  Drone x8, Extractor  
  58  6:58  Queen  
  67  7:01  Drone  
  67  7:02  Drone x3  
  67  7:06  Drone  
  72  7:12  Drone x3  
  70  7:29  Drone x2  
  74  7:30  Drone x4  
  74  7:32  Overlord  
  74  7:33  Overlord x2  
  76  7:50  Spore Crawler  
  75  7:52  Spore Crawler  
  75  7:56  Spore Crawler  
  75  7:57  Spore Crawler  
  72  8:03  Spore Crawler  
  69  8:12  Hydralisk Den  
  69  8:13  Corruptor  
  69  8:14  Corruptor x5  
  80  8:21  Corruptor x2  
  80  8:26  Pneumatized Carapace  
  84  8:29  Corruptor  
  84  8:37  Spore Crawler  
  84  8:38  Spore Crawler  
  82  8:43  Spine Crawler  
  82  8:44  Spine Crawler  
  78  9:02  Overlord x5  
  76  9:13  Overlord x4  
  76  9:21  Spine Crawler x2  
  76  9:22  Spine Crawler  
  73  9:43  Extractor x2  
  73  9:44  Centrifical Hooks  
  71  9:46  Mutalisk x6  
  71  9:50  Mutalisk  
  85  9:58  Mutalisk x2  
  89  10:11  Drone x7  
  96  10:35  Zerg Flyer Armor Level 1, Corruptor x2  
  96  10:36  Corruptor x2  
  104  10:45  Mutalisk  
  104  10:46  Mutalisk x2  
  102  11:23  Drone x5  
  102  11:24  Drone x4  
  111  11:25  Queen  
  111  11:27  Queen  
  111  11:31  Grooved Spines  
  115  11:35  Queen  
  117  11:54  Mutalisk  
  117  11:55  Mutalisk x5  
  129  12:07  Hatchery  
  128  12:16  Evolution Chamber  
  128  12:17  Evolution Chamber  
  120  13:06  Overlord x6  
  120  13:07  Overlord x12  
  120  13:17  Zerg Missile Weapons Level 1  
  120  13:18  Zerg Ground Armor Level 1  
  120  13:20  Infestation Pit  
  103  13:45  Hydralisk x8  
  103  13:46  Hydralisk x4  
  115  14:02  Hydralisk  
  115  14:03  Hydralisk x3  
  115  14:08  Hydralisk x3, Muscular Augments  
  125  14:27  Hydralisk x5  
  125  14:29  Hydralisk  
  125  14:30  Hydralisk  
  138  14:43  Hydralisk  
  138  14:44  Hydralisk x3  
  146  14:46  Zergling x2  
  146  14:47  Zergling x2  
  135  15:07  Hydralisk x4  
  131  15:22  Hydralisk  
  131  15:23  Hydralisk x6  
  131  15:27  Drone x2  
  147  15:39  Drone x7  
  153  15:42  Spore Crawler  
  152  15:51  Zerg Missile Weapons Level 2  
  137  16:31  Hydralisk x4  
  137  16:32  Hydralisk x6  
  147  16:41  Hydralisk  
  147  16:42  Hydralisk x2  
  133  17:15  Hydralisk x10  
  123  17:16  Hydralisk  
  82  17:59  Hydralisk Den  
  46  18:36  Hydralisk x7  
  46  18:37  Hydralisk x2  
  60  18:59  Hydralisk x4  
Tags
 
Add a new tag
Caveats
  • Supply blocks, unpowered buildings, or Contaminate may cause inaccurate times.
  • Supply counts are checked every 10 seconds.